 Dungeon Crawl Stone Soup version 0.30-a0-266-g2b27a225a3 (webtiles) character file.

Game seed: 16261026491324504374

50662 Tyrantos the Fighter (level 14, -6/111 HPs)
             Began as a Demonspawn Gladiator on Oct 14, 2022.
             Was a High Priest of Kikubaaqudgha.
             Mangled by an ettin
             ... wielding a +0 dire flail
              (7 damage)
             ... on level 1 of the Depths.
             The game lasted 00:36:31 (13891 turns).

Tyrantos the Fighter (Demonspawn Gladiator)        Turns: 13891, Time: 00:36:33

Health: -6/111     AC: 30    Str: 14      XL:     14   Next: 20%
Magic:  22/27      EV: 13    Int: 21 (22) God:    Kikubaaqudgha [*****.]
Gold:   1335       SH:  4    Dex: 14      Spells: 14/31 levels left

rFire   . . .      SeeInvis .    o - +12 pair of quick blades "Gyre" and "Gimble" {protect}
rCold   + . .      Faith    .    (shield currently unavailable)
rNeg    . . .      Spirit   .    e - +1 ring mail
rPois   .          Reflect  .    h - +0 helmet
rElec   .          Harm     .    A - +0 cloak
rCorr   .          Rampage  +    (gloves unavailable)
Will    ++...                    f - +0 pair of boots "Noes" {Rampage rC+ Will+}
Stlth   ++++......               (no amulet)
HPRegen 0.38/turn                k - +4 ring of slaying
MPRegen 0.20/turn                t - +6 ring of intelligence

@: death channelling, marked, sanguine armoured, under a protective aura
A: foul stench 1, sanguine armour 3, condensation shield, demonic touch 3,
camouflage 1
a: Renounce Religion, Unearth Wretches, Torment


You were on level 1 of the Depths.
You worshipped Kikubaaqudgha.
Kikubaaqudgha was extremely pleased with you.
You visited 3 branches of the dungeon, and saw 17 of its levels.

You collected 1335 gold pieces.

Inventory:

Hand Weapons
 a - a +4 vampiric trident
 o - the +12 pair of quick blades "Gyre" and "Gimble" (weapon) {protect}
   (You acquired it on level 3 of the Dungeon)

   It grants its wielder temporary protection when it strikes (+7 to AC).
Missiles
 m - a javelin
 z - 6 silver javelins
Armour
 e - a +1 ring mail (worn)
 f - the +0 pair of boots "Noes" (worn) {Rampage rC+ Will+}
   (You found it on level 5 of the Dungeon)

   rC:        It protects you from cold.
   Rampage:   It bestows one free step when moving towards enemies.
   Will:      It increases your willpower.
 g - a +2 robe of positive energy
 h - a +0 helmet (worn)
 A - a +0 cloak (worn)
 K - +0 acid dragon scales
 Q - a +0 helmet
Jewellery
 b - a +4 ring of evasion
 j - a ring of see invisible
 k - a +4 ring of slaying (left hand)
 p - a ring of wizardry
 t - a +6 ring of intelligence (right hand)
 F - a ring of protection from fire
 I - a ring of willpower
 L - a ring of flight
 O - a ring of willpower
Wands
 d - a wand of flame (15)
 r - a wand of mindburst (33)
 B - a wand of paralysis (9)
 C - a wand of digging (10)
 H - a wand of roots (4)
 P - a wand of polymorph (6)
Scrolls
 u - 2 scrolls of brand weapon
 v - a scroll of blinking
 x - 6 scrolls of identify
 y - 9 scrolls of teleportation
 D - 4 scrolls of butterflies
 M - a scroll of silence
 S - a scroll of fear
 U - a scroll of summoning
 V - a scroll of magic mapping
Potions
 c - 6 potions of attraction
 i - 2 potions of ambrosia
 l - a potion of berserk rage
 n - 4 potions of curing
 s - 4 potions of brilliance
 w - 4 potions of might
 E - a potion of cancellation
 G - a potion of flight
 N - a potion of magic


   Skills:
 + Level 10.4 Fighting
 + Level 10.1 Short Blades
 - Level 4.0 Polearms
 + Level 2.0 Throwing
 + Level 6.3 Armour
 + Level 7.3 Dodging
 + Level 9.2 Stealth
 + Level 3.7 Shields
 + Level 9.3 Spellcasting
 + Level 4.0 Hexes
 + Level 10.1 Necromancy
 + Level 0.1 Poison Magic
 + Level 1.0 Evocations


You had 14 spell levels left.
You knew the following spells:

 Your Spells              Type           Power      Damage    Failure   Level
a - Necrotise             Necr           100%       1d9       1%          1
b - Kiss of Death         Conj/Necr      100%       2d13      1%          1
c - Vampiric Draining     Necr           51%        2d9       1%          3
d - Cigotuvi's Dreadful   Necr/Pois/Air  48%        N/A       4%          2
e - Death Channel         Necr           25%        N/A       30%         6
f - Anguish               Hex/Necr       19%        N/A       7%          4

Your spell library contained the following spells:

 Spells                   Type           Power      Damage    Failure   Level
 Dispel Undead            Necr           51%        3d19      1%          4
 Agony                    Necr           51%        N/A       5%          5
 Tukima's Dance           Hex            26%        N/A       7%          3
 Sting                    Tmut/Pois      40%        1d5       13%         1
 Portal Projectile        Hex/Tloc       36%        N/A       17%         3
 Momentum Strike          Conj/Tloc      18%        3d8       19%         2
 Blink                    Tloc           18%        N/A       21%         2
 Hailstorm                Conj/Ice       9%         3d4       36%         3
 Ignite Poison            Fire/Tmut/Pois 9%         N/A       36%         3
 Lesser Beckoning         Tloc           18%        N/A       36%         3
 Ice Form                 Ice/Tmut       9%         N/A       78%         4
 Simulacrum               Ice/Necr       15%        N/A       94%         6
 Blade Hands              Tmut           4%         N/A       98%         5
 Fireball                 Conj/Fire      4%         3d4       98%         5
 Iskenderun's Battlesphe  Conj           9%         2d6       98%         5
 Conjure Ball Lightning   Conj/Air       4%         3x3d6     100%        6
 Eringya's Noxious Bog    Tmut/Pois      5%         N/A       100%        6
 Orb of Destruction       Conj           4%         9d5       100%        7


Dungeon Overview and Level Annotations

Branches:
Dungeon (15/15)            Temple (1/1) D:4            Lair (0/5) D:9
    Orc (0/2) D:12         Vaults (0/5) D:14         Depths (1/4) D:15

Altars:
Hepliaklqana
Kikubaaqudgha
Uskayaw
Wu Jian

Shops:
D:10 *

Annotations:
D:14 4 transporters


Innate Abilities, Weirdness & Mutations

You may rarely emit foul miasma when damaged in melee.
When seriously injured, your blood forms very thick armour. (AC +12)
A meltable shield of frost defends you. (SH +4)
Your touch may irresistibly damage your foes and sap their willpower.
Your skin changes colour to match your surroundings (Stealth+).


Message History

You kill the frost giant!
Kikubaaqudgha accepts your kill.
A glowing mist starts to gather...
A purple very ugly thing comes into view.
An ettin comes into view. It is wielding two +0 dire flails.
Things that are here:
a +0 battleaxe of freezing; a frost giant corpse Unknown command.
A purple very ugly thing comes into view.
There is an open door here.
Your spectral ugly thing hits the ettin but does no damage.
A purple very ugly thing comes into view.
Your spectral ugly thing closely misses the purple very ugly thing.
Your spectral ugly thing hits the purple very ugly thing!
Your spectral ugly thing drains the purple very ugly thing.
Your spectral ugly thing hits the ettin but does no damage.
The purple very ugly thing trunk-slaps your spectral ugly thing!!
Your spectral ugly thing is destroyed!
The purple very ugly thing basks in the mutagenic energy from its kin and changes!
There is an open door here.
You rampage towards the ettin!
You are no longer corroded.
The ettin barely misses you. You block the ettin's attack.
Something closely misses your spectral ugly thing.
You puncture the ettin!
Your weapon exudes an aura of protection.
You hit the ettin but do no damage. You puncture the ettin! x2
Your spectral ugly thing barely misses the ettin.
The ettin hits you with a +0 dire flail!!
* * * LOW HITPOINT WARNING * * *
The ettin completely misses you.
Unknown command.
You feel much better.
Your spectral ugly thing hits the ettin but does no damage.
The ettin hits you with a +0 dire flail!!
* * * LOW HITPOINT WARNING * * *
The ettin hits you with a +0 dire flail!
You die...
Kikubaaqudgha rasps: "You have failed me!
Welcome... death!"

..................###+###..
...................#......
............u......'.....
....####'###...Z..##...#
....###..###...Zu.##...####
.....'..........†.#........
.....#..........).'........
.....#............#........
.....#..........@.#........
.....#........ZC..#........
.....#............#........
....###..###...#####..##...
....# ..# #...# ..# ###
...... ... ..... .....


You could see 2 very ugly things, an ettin (ally target), 2 friendly spectral
ugly things and a friendly spectral frost giant.

Vanquished Creatures
  A frost giant (Depths:1)
  A stone giant (D:15)
  A vault guard (D:14)
  6 centaur warriors
  5 two-headed ogres
  4 boulder beetles
  Erica (D:9)
  2 alligators (D:12)
  2 death knights
  2 tengu warriors (D:15)
  A glowing orange brain (Depths:1)
  4 wizards (D:14)
  2 lindwurms (D:12)
  Pikel (D:4)
  A necromancer (D:14)
  3 manticores
  15 ugly things
  2 orc knights (D:15)
  A cyclops (D:11)
  A deep elf pyromancer (D:11)
  Joseph (D:9)
  3 gargoyles
  5 kobold demonologists
  A rime drake (shapeshifter) (D:15)
  2 efreet
  An unseen horror (D:13)
  A tengu conjurer (D:15)
  2 trolls
  2 tyrant leeches (D:12)
  2 hornets (D:9)
  5 slime creatures (D:12)
  Sigmund (D:5)
  A shadow (D:12)
  2 wyverns
  3 wraiths
  4 basilisks
  A yak (shapeshifter) (D:15)
  A steam dragon (D:9)
  27 yaks
  18 humans (D:14)
  7 vampire mosquitoes (D:13)
  Edmund (D:4)
  A warg (D:15)
  3 water moccasins
  2 hell hounds (D:12)
  2 ice beasts
  8 orc warriors
  3 black bears
  An ogre (D:5)
  A wolf (D:12)
  5 centaurs
  6 kobold brigands
  Blork the orc (D:4)
  3 bullfrogs
  3 necrophages
  3 gnoll sergeants
  A scorpion (D:4)
  4 wights (D:9)
  14 killer bees
  2 electric eels (D:6)
  4 howler monkeys
  5 hounds
  4 orc priests
  A gnoll bouda (D:7)
  4 iguanas
  8 orc wizards
  Ijyb (D:3)
  2 hell rats (D:12)
  13 gnolls
  4 river rats (D:12)
  4 adders
  A shadow imp (D:4)
  A white imp (D:6)
  An ufetubus (D:4)
  8 worms (D:12)
  3 dart slugs
  33 orcs
  2 bats
  7 endoplasms
  2 giant cockroaches
  4 goblins
  8 hobgoblins
  8 jackals
  19 kobolds
  3 quokkas
  11 ball pythons
  10 frilled lizards
  9 rats
  A bush (D:2)
391 creatures vanquished.

Vanquished Creatures (collateral kills)
  A very ugly thing (Depths:1)
  2 ugly things (Depths:1)
3 creatures vanquished.

Vanquished Creatures (others)
  A vault guard (D:14)
1 creature vanquished.

Grand Total: 395 creatures vanquished

Notes
Turn   | Place    | Note
-------+----------+-------------------------------------------
     0 | D:1      | Tyrantos the Demonspawn Gladiator began the quest for the
                  | Orb.
     0 | D:1      | Reached XP level 1. HP: 16/16 MP: 1/1
   171 | D:1      | Gained mutation: When seriously injured, your blood forms
                  | armour. (AC +12) [demonic ancestry]
   171 | D:1      | Reached XP level 2. HP: 19/22 MP: 3/3
   567 | D:1      | Reached skill level 1 in Spellcasting
   888 | D:2      | Gained mutation: You may rarely emit foul miasma when
                  | damaged in melee. [demonic ancestry]
   888 | D:2      | Reached XP level 3. HP: 21/28 MP: 4/4
  1187 | D:2      | Reached skill level 1 in Armour
  1300 | D:2      | Reached XP level 4. HP: 26/34 MP: 5/5
  1774 | D:3      | Noticed Ijyb
  1811 | D:3      | Killed Ijyb
  2160 | D:3      | Identified a scroll of acquirement
  2160 | D:3      | Acquired the +12 pair of quick blades "Gyre" and "Gimble"
                  | {protect}
  2160 | D:3      | Found the +12 pair of quick blades "Gyre" and "Gimble"
                  | {protect}
  2623 | D:4      | Found a staircase to the Ecumenical Temple.
  2652 | Temple   | Entered the Ecumenical Temple
  2659 | Temple   | Became a worshipper of Kikubaaqudgha
  2681 | D:4      | Noticed a water moccasin
  2685 | D:4      | Killed a water moccasin
  2686 | D:4      | Reached XP level 5. HP: 26/39 MP: 7/7
  2689 | D:4      | Reached skill level 1 in Stealth
  2701 | D:4      | Reached skill level 1 in Short Blades
  2701 | D:4      | Reached XP level 6. HP: 21/46 MP: 7/9
  2945 | D:4      | Noticed Edmund
  2958 | D:4      | Killed Edmund
  2959 | D:4      | Reached skill level 1 in Necromancy
  3031 | D:4      | Noticed Blork the orc
  3036 | D:4      | Killed Blork the orc
  3037 | D:4      | Reached XP level 7. HP: 48/52 MP: 11/11
  3103 | D:4      | Noticed Pikel
  3111 | D:4      | Killed Pikel
  3112 | D:4      | Gained mutation: When seriously injured, your blood forms
                  | thick armour. (AC +12) [demonic ancestry]
  3112 | D:4      | Reached XP level 8. HP: 58/58 MP: 11/13
  3233 | D:4      | Gained mutation: You have a pair of small antennae on your
                  | head. [potion of mutation]
  3233 | D:4      | Gained mutation: You occasionally lose the ability to read
                  | scrolls when taking damage. [potion of mutation]
  3364 | D:5      | Entered Level 5 of the Dungeon
  3435 | D:5      | Noticed Sigmund
  3442 | D:5      | Killed Sigmund
  3448 | D:5      | Identified the +0 pair of boots "Noes" {Rampage rC+ Will+}
  3699 | D:5      | Reached skill level 5 in Short Blades
  4018 | D:6      | Reached * piety under Kikubaaqudgha
  4018 | D:6      | Received a gift from Kikubaaqudgha
  4025 | D:6      | Learned a level 1 spell: Necrotise
  4027 | D:6      | Learned a level 1 spell: Kiss of Death
  4031 | D:6      | Learned a level 3 spell: Vampiric Draining
  4034 | D:6      | Learned a level 2 spell: Cigotuvi's Dreadful Rot
  4127 | D:6      | Noticed a +0 spear
  4127 | D:6      | Noticed a +0 falchion
  4127 | D:6      | Noticed a +0 short sword
  4127 | D:6      | Noticed a +0 spear
  4127 | D:6      | Noticed a +0 short sword
  4127 | D:6      | Noticed a +0 dagger
  4130 | D:6      | Noticed a +0 falchion
  4130 | D:6      | Noticed a +0 dagger
  4132 | D:6      | Found a hide-covered altar of Uskayaw.
  4507 | D:6      | Gained mutation: Your touch may inflict minor irresistible
                  | damage on your foes. [demonic ancestry]
  4507 | D:6      | Reached XP level 9. HP: 57/58 MP: 15/15
  4938 | D:7      | Reached ** piety under Kikubaaqudgha
  4968 | D:7      | Lost mutation: You have a pair of small antennae on your
                  | head. [potion of mutation]
  4968 | D:7      | Lost mutation: You occasionally lose the ability to read
                  | scrolls when taking damage. [potion of mutation]
  4968 | D:7      | Gained mutation: You have large cloven feet. [potion of
                  | mutation]
  4968 | D:7      | Gained mutation: You are strong-willed. (Will+) [potion of
                  | mutation]
  4968 | D:7      | Gained mutation: You are occasionally teleported next to
                  | monsters. [potion of mutation]
  5103 | D:8      | Reached skill level 5 in Necromancy
  5797 | D:9      | Noticed Erica
  5800 | D:9      | Killed Erica
  5801 | D:9      | Reached skill level 5 in Dodging
  5801 | D:9      | Reached skill level 5 in Stealth
  5847 | D:9      | Paralysed by a hornet for 3 turns
  5852 | D:9      | Reached XP level 10. HP: 47/73 MP: 13/17
  5868 | D:9      | Noticed Joseph
  5879 | D:9      | Killed Joseph
  5880 | D:9      | Reached skill level 5 in Spellcasting
  5891 | D:9      | Reached skill level 5 in Fighting
  5970 | D:9      | Found a staircase to the Lair.
  6246 | D:9      | Noticed a two-headed ogre
  6248 | D:9      | Noticed a centaur warrior
  6249 | D:9      | Noticed a death knight
  6254 | D:9      | Killed a two-headed ogre
  6262 | D:9      | Paralysed by a hornet for 1 turns
  6269 | D:9      | Found a runed translucent door.
  6812 | D:9      | Killed a death knight
  6813 | D:9      | Gained mutation: Your touch may inflict irresistible damage
                  | on your foes. [demonic ancestry]
  6813 | D:9      | Reached XP level 11. HP: 82/82 MP: 21/21
  6822 | D:9      | Killed a centaur warrior
  6959 | D:10     | Entered Level 10 of the Dungeon
  7071 | D:10     | Reached *** piety under Kikubaaqudgha
  7071 | D:10     | Received a gift from Kikubaaqudgha
  7079 | D:10     | Learned a level 6 spell: Death Channel
  7148 | D:10     | Found Sunaer's Assorted Antiques.
  7259 | D:10     | Noticed a two-headed ogre
  7272 | D:10     | Killed a two-headed ogre
  7708 | D:10     | Noticed a sun demon
  7853 | D:10     | Learned a level 4 spell: Anguish
  8385 | D:10     | Lost mutation: You are strong-willed. (Will+) [potion of
                  | mutation]
  8385 | D:10     | Lost mutation: You have large cloven feet. [potion of
                  | mutation]
  8385 | D:10     | Gained mutation: Your system is resistant to poisons.
                  | (rPois) [potion of mutation]
  8416 | D:11     | Found a faded altar of an unknown god.
  8416 | D:11     | Found a hazy altar of Hepliaklqana.
  8418 | D:11     | Found a faded altar of an unknown god.
  8512 | D:11     | Noticed a two-headed ogre
  8518 | D:11     | Killed a two-headed ogre
  8708 | D:11     | Noticed a deep elf pyromancer
  8713 | D:11     | Killed a deep elf pyromancer
  8714 | D:11     | Reached skill level 1 in Evocations
  8714 | D:11     | Gained mutation: A meltable shield of frost defends you.
                  | (SH +4) [demonic ancestry]
  8714 | D:11     | Reached XP level 12. HP: 78/91 MP: 20/24
  8800 | D:11     | Identified the +6 rapier of the Writhing Gods {antimagic,
                  | Fragile rN+ SInv}
  8849 | D:11     | Noticed a two-headed ogre
  8855 | D:11     | Killed a two-headed ogre
  9274 | D:12     | Reached skill level 1 in Hexes
  9274 | D:12     | Reached **** piety under Kikubaaqudgha
  9318 | D:12     | Noticed an alligator
  9328 | D:12     | Killed an alligator
  9345 | D:12     | Noticed an alligator
  9355 | D:12     | Killed an alligator
  9540 | D:12     | Noticed a two-headed ogre
  9548 | D:12     | Killed a two-headed ogre
  9795 | D:12     | Found a staircase to the Orcish Mines.
  9811 | D:12     | Reached skill level 1 in Shields
  9992 | D:12     | Noticed a boulder beetle
 10011 | D:12     | Killed a boulder beetle
 10258 | D:12     | Reached ***** piety under Kikubaaqudgha
 10513 | D:12     | Lost mutation: You are occasionally teleported next to
                  | monsters. [potion of mutation]
 10513 | D:12     | Lost mutation: Your system is resistant to poisons. (rPois)
                  | [potion of mutation]
 10513 | D:12     | Gained mutation: You passively dampen the noise of your
                  | surroundings. [potion of mutation]
 10513 | D:12     | Gained mutation: You have sharp toenails. [potion of
                  | mutation]
 10513 | D:12     | Gained mutation: Your flesh is cold resistant. (rC+)
                  | [potion of mutation]
 10556 | D:13     | Got the Directory of Pollution
 10583 | D:13     | Noticed a boulder beetle
 10607 | D:13     | Killed a boulder beetle
 10676 | D:13     | Found an ornate altar of the Wu Jian Council.
 10700 | D:13     | Identified the +6 trident "Zifet" {speed, Drain rElec rN+
                  | Int+2}
 10917 | D:13     | Noticed a centaur warrior
 10924 | D:13     | Killed a centaur warrior
 10925 | D:13     | Reached skill level 5 in Armour
 11238 | D:14     | Gained mutation: Your touch may irresistibly damage your
                  | foes and sap their willpower. [demonic ancestry]
 11238 | D:14     | Reached XP level 13. HP: 94/99 MP: 25/25
 11351 | D:14     | Found a transporter.
 11360 | D:14     | Found a transporter.
 11424 | D:14     | Found a transporter.
 11490 | D:14     | Found a transporter.
 12047 | D:14     | Found a gate to the Vaults.
 12245 | D:15     | Entered Level 15 of the Dungeon
 13056 | D:15     | Found a staircase to the Depths.
 13056 | D:15     | Noticed a stone giant
 13071 | D:15     | Killed a stone giant
 13083 | D:15     | Reached skill level 10 in Short Blades
 13220 | D:15     | Reached skill level 10 in Fighting
 13253 | D:15     | Gained mutation: When seriously injured, your blood forms
                  | very thick armour. (AC +12) [demonic ancestry]
 13253 | D:15     | Reached XP level 14. HP: 93/107 MP: 26/26
 13513 | D:15     | Reached skill level 10 in Necromancy
 13694 | D:15     | Lost mutation: You passively dampen the noise of your
                  | surroundings. [potion of mutation]
 13694 | D:15     | Lost mutation: You have sharp toenails. [potion of
                  | mutation]
 13694 | D:15     | Lost mutation: Your flesh is cold resistant. (rC+) [potion
                  | of mutation]
 13694 | D:15     | Gained mutation: You occasionally lose the ability to drink
                  | potions when taking damage. [potion of mutation]
 13694 | D:15     | Gained mutation: Your mind is acute. (Int +4, Str/Dex -1)
                  | [potion of mutation]
 13694 | D:15     | Gained mutation: Armour fits poorly on your strangely
                  | shaped body. [potion of mutation]
 13695 | D:15     | Lost mutation: Armour fits poorly on your strangely shaped
                  | body. [potion of mutation]
 13695 | D:15     | Lost mutation: You occasionally lose the ability to drink
                  | potions when taking damage. [potion of mutation]
 13695 | D:15     | Lost mutation: Your mind is acute. (Int +4, Str/Dex -1)
                  | [potion of mutation]
 13695 | D:15     | Gained mutation: Your body sometimes deteriorates upon
                  | taking damage. [potion of mutation]
 13696 | D:15     | Lost mutation: Your body sometimes deteriorates upon taking
                  | damage. [potion of mutation]
 13696 | D:15     | Gained mutation: Your skin changes colour to match your
                  | surroundings (Stealth+). [potion of mutation]
 13789 | Depths:1 | Entered Level 1 of the Depths
 13826 | Depths:1 | Noticed a brown very ugly thing
 13846 | Depths:1 | Noticed a frost giant
 13857 | Depths:1 | Killed a purple very ugly thing
 13882 | Depths:1 | Killed a frost giant
 13883 | Depths:1 | Noticed a purple very ugly thing
 13884 | Depths:1 | Noticed a purple very ugly thing
 13887 | Depths:1 | Noticed a purple very ugly thing
 13891 | Depths:1 | HP: 1/111 [ettin/+0 dire flail (34)]
 13891 | Depths:1 | Mangled by an ettin

Illustrated notes

Levels and vault maps discovered:
D:1:      nicolae_arrival_memento_mori, layout_basic
D:2:      wander_river, layout_basic, serial_forest, infiniplex_forest_end_2,
          infiniplex_forest_diagonal, infiniplex_forest_straight_2,
          infiniplex_forest_lined_room_2, infiniplex_forest_corner_1,
          infiniplex_forest_clump_double, infiniplex_forest_straight_1,
          infiniplex_forest_corner_1, infiniplex_forest_straight_5
D:3:      layout_basic, minmay_fractal_squares_diagonal_5, uniq_ijyb
D:4:      layout_loops_cross, minmay_temple_entry_antechambers, uniq_edmund,
          uniq_blork_the_orc, uniq_pikel
D:5:      layout_basic, kennysheep_boxes, uniq_sigmund
D:6:      layout_rooms, nicolae_uskayaw_en_pointe, water_maze_lemuel
D:7:      layout_rooms, st_stairs_8
D:8:      layout_cave_pods
D:9:      layout_rooms, lair_entry_dummy, serial_curves, eino_curves_04,
          eino_curves_03, minmay_st_funbox, uniq_joseph, uniq_erica
D:10:     layout_stronghold, serial_shops, nicolae_shop_window_shopping
D:11:     layout_irregular_city, nicolae_hepliaklqana_ecumenical_no_more
D:12:     layout_basic, orc_david_3, hangedman_parallel_progression
D:13:     layout_roguey, nzn_wu_jian_contemplation
D:14:     layout_roguey, grunt_vaults_entry_tiered,
          nicolae_transporter_intersection
D:15:     grunt_enter_depths_snipers, layout_layer_cave,
          minmay_misc_feat_secret_circle
Temple:   minmay_crystal_snake_temple
Depths:1: layout_gridville, grunt_hell_horde, nicolae_vehumet_radiance,
          nicolae_benzene_ring, hangedman_abyss_or_decor_slice, elyvilon_altar_4

Skill      XL: |  1  2  3  4  5  6  7  8  9 10 11 12 13 14 |
---------------+-------------------------------------------+-----
Dodging        | 3 4 5 6 7 |  7.3
Spellcasting   | 1 2 3 4 6 8 9 |  9.3
Polearms       | 3 4 |  4.0
Armour         | 1 2 5 6 |  6.3
Stealth        | 1 3 5 6 7 8 9 |  9.2
Short Blades   | 1 2 3 5 7 8 9 10 | 10.1
Necromancy     | 1 2 4 5 7 9 10 | 10.1
Fighting       | 3 4 6 7 8 10 | 10.4
Throwing       | 2 |  2.0
Evocations     | 1 |  1.0
Hexes          | 2 3 4 |  4.0
Shields        | 2 3 |  3.7
Poison Magic   | |  0.1

Action                   |  1- 3 |  4- 6 |  7- 9 | 10-12 | 13-15 || total
-------------------------+-------+-------+-------+-------+-------++-------
Melee: Trident           |   118 |   163 |       |       |       ||   281
       Pair of quick bla |       |    40 |   112 |   454 |   335 ||   941
       Punch             |       |     3 |       |       |       ||     3
Throw: Throwing net      |     3 |     1 |       |       |       ||     4
       Javelin           |     4 |     1 |       |       |       ||     5
 Cast: Kiss of Death     |       |       |     1 |       |       ||     1
       Vampiric Draining |       |       |     6 |    34 |       ||    40
       Cigotuvi's Dreadf |       |       |     1 |       |     1 ||     2
       Necrotise         |       |       |       |     5 |       ||     5
       Anguish           |       |       |       |    10 |     6 ||    16
       Death Channel     |       |       |       |       |     3 ||     3
Evoke: Wand              |       |       |       |     4 |       ||     4
  Use: Scroll            |     4 |    11 |    12 |     8 |     3 ||    38
       Potion            |       |       |     4 |     9 |     6 ||    19
 Stab: Held in net/web   |     1 |       |       |       |       ||     1
       Sleeping          |       |     5 |     8 |    11 |     8 ||    32
       Distracted        |       |     1 |       |     1 |       ||     2
       Invisible         |       |       |       |     6 |       ||     6
Armor: Leather armour    |     7 |       |       |       |       ||     7
       Ring mail         |    51 |       |       |    57 |    65 ||   173
       Robe              |       |    32 |    28 |    35 |       ||    95
Dodge: Dodged            |    92 |    54 |    52 |   157 |    67 ||   422
Block: Other             |       |       |       |    25 |    23 ||    48

Table legend: (Time is in decaauts)
 A = Elapsed time spent in this place.
 B = Non-inter-level travel time spent in this place.
 C = Inter-level travel time spent in this place.
 D = Time resting spent in this place.
 E = Time spent auto-exploring this place.
 F = Levels seen in this place.
 G = Mean time per level.
                   A        B        C        D        E       F      G
               +--------+--------+--------+--------+--------+-----+--------+
         Total |  13330 |  12656 |    674 |      0 |  10450 |  17 |  784.1 |
       Dungeon |  13249 |  12575 |    674 |      0 |  10424 |  15 |  883.3 |
        Temple |     14 |     14 |      0 |      0 |      0 |   1 |   14.0 |
        Depths |     66 |     66 |      0 |      0 |     26 |   1 |   66.0 |
               +--------+--------+--------+--------+--------+-----+--------+

Top non-repeatable levels by time:
    D:15: 1440 daAuts
    D:10: 1386 daAuts
    D:12: 1276 daAuts
     D:9: 1093 daAuts
     D:2: 942 daAuts
    D:14: 926 daAuts
     D:1: 866 daAuts
     D:3: 805 daAuts
     D:4: 772 daAuts
    D:11: 729 daAuts
     D:8: 711 daAuts
     D:5: 633 daAuts
    D:13: 632 daAuts
     D:6: 525 daAuts
     D:7: 505 daAuts
